 Dungeon Crawl Stone Soup version 0.31-a0-4-gefa6de2278 (webtiles) character file.

Game seed: 721146216856648000

70 cheesebisquit the Grave Robber (level 4, -4/35 HPs)
             Began as a Ghoul Necromancer on May 4, 2023.
             Killed by divine providence
             ... invoked by an orc priest
              (12 damage)
             ... on level 3 of the Dungeon.
             The game lasted 00:08:10 (2591 turns).

cheesebisquit the Grave Robber (Ghoul Necromancer)  Turns: 2591, Time: 00:08:10

Health: -4/35      AC:  5    Str: 11    XL:     4   Next: 22%
Magic:  0/6        EV: 11    Int: 15    God:
Gold:   54         SH:  0    Dex:  9    Spells: 3/7 levels left

rFire   . .          .
                       - Unarmed
rCold   + . .        (no shield)
rNeg    + + +        j - +2 leather armour of Theory {rN++ Int+3}
rPois   ∞            (no helmet)
rElec   .            (no cloak)
rCorr   .            (no gloves)
SInv    .            (no boots)
Will    .....        (no amulet)
Stlth   ++           (no ring)
HPRegen 0.00/turn    (no ring)
MPRegen 0.10/turn

%: no passive effects
@: inhibited regen
A: claws 1, cold resistance 1, negative energy resistance 3, inhibited
regeneration, torment resistance 2, devour on kill
a: no special abilities


You were on level 3 of the Dungeon.
You visited 1 branch of the dungeon, and saw 3 of its levels.

You collected 54 gold pieces.

Inventory:

Hand Weapons
 m - the +4 hand axe of Sudden Death {speed, +Blink Dex-4 SInv}
   (You found it on level 3 of the Dungeon)

   Dex:       It affects your dexterity (-4).
   SInv:      It lets you see invisible.
   +Blink:    It lets you blink.
Missiles
 l - 8 poisoned darts
Armour
 d - a +2 buckler of poison resistance
 j - the +2 leather armour of Theory (worn) {rN++ Int+3}
   (You took it off a goblin on level 2 of the Dungeon)

   Int:       It affects your intelligence (+3).
   rN:        It greatly protects you from negative energy.
Scrolls
 a - a scroll of silence {unknown}
 c - 3 scrolls of magic mapping {unknown}
 e - a scroll of fog {unknown}
 f - a scroll of noise {unknown}
 g - 2 scrolls of identify {unknown}
 h - a scroll of immolation {unknown}
 k - a scroll of torment {unknown}
Potions
 b - 2 potions of curing
 i - a potion of cancellation {unknown}
 n - a potion of haste {unknown}


   Skills:
 + Level 1.3 Fighting
 - Level 1.7 Dodging
 + Level 2.5 Stealth
 + Level 1.8 Unarmed Combat
 + Level 2.2 Spellcasting
 + Level 4.5 Necromancy


You had 3 spell levels left.
You knew the following spells:

 Your Spells              Type           Power      Damage    Failure   Level
a - Necrotise             Necr           60%        1d7       4%          1
b - Vampiric Draining     Necr           15%        2d7       13%         3

Your spell library contained the following spells:

 Spells                   Type           Power      Damage    Failure   Level
 Lesser Beckoning         Tloc           2%         N/A       41%         2
 Gell's Gravitas          Tloc           1%         N/A       65%         3
 Teleport Other           Tloc           1%         N/A       65%         3
 Animate Dead             Necr           15%        N/A       41%         4
 Agony                    Necr           15%        N/A       77%         5


Dungeon Overview and Level Annotations

Branches:
Dungeon (3/15)

Altars:


Innate Abilities, Weirdness & Mutations

You are immune to poison.
You have sharp fingernails.
Your flesh is cold resistant. (rC+)
You are immune to negative energy. (rN+++)
You do not regenerate when monsters are visible.
You are immune to unholy pain and torment.
You thrive by killing the living.


Message History

The hobgoblin writhes in agony.
You kill the hobgoblin!
The dead are walking!
Your kobold skeleton hits the orc but does no damage.
The orc hits your rat skeleton with a +0 short sword.
Your rat skeleton is destroyed!
Found 17 gold pieces.
Your kobold skeleton hits the orc but does no damage.
The orc hits your kobold skeleton with a +0 short sword.
The orc priest looks braver for a moment.
You completely miss the orc.
Your hobgoblin skeleton completely misses the orc.
Your kobold skeleton closely misses the orc.
The orc hits you but does no damage.
The orc writhes in agony.
An adder comes into view.
Your kobold skeleton hits the orc.
The orc hits you with a +0 flail.
You closely miss the orc.
The orc is heavily wounded.
The orc closely misses you.
The orc priest hits your hobgoblin skeleton with a +0 club.
The orc hits you but does no damage.
A goblin comes into view. It is wielding a +0 club.
You scratch the orc.
The orc is heavily wounded.
Your kobold skeleton hits the orc but does no damage.
The orc hits you with a +0 flail.
* * * LOW HITPOINT WARNING * * *
The orc hits you with a +0 short sword.
* * * LOW HITPOINT WARNING * * *
Your hobgoblin skeleton barely misses the orc.
The orc priest hits your hobgoblin skeleton with a +0 club.
Your hobgoblin skeleton is destroyed!
It was a potion of curing.
You feel better.
Your kobold skeleton barely misses the orc.
The orc hits you with a +0 short sword. The orc hits you with a +0 flail!
* * * LOW HITPOINT WARNING * * *
The orc priest calls down the wrath of Beogh upon you.
Beogh smites you!
You die...

#.## ...#. #... #..##
#go.# ##SZ# #oo# ##
#########.@#)..#
#######.......†...#
......#.......##.#...#
..###.#.......##.##.##
#.............##.. $#
#####.#.......##..# #
#####.#.......###..
......#(......# ...
##########.#### ###


You could see an orc priest, an adder, 2 orcs, a goblin and a friendly kobold
skeleton.

Vanquished Creatures
  An adder (D:2)
  A worm (D:2)
  A dart slug (D:2)
  An orc (D:3)
  5 bats
  7 endoplasms
  3 giant cockroaches
  7 goblins
  5 hobgoblins
  5 kobolds
  2 quokkas (D:2)
  4 ball pythons (D:1)
  2 frilled lizards (D:2)
  4 rats
48 creatures vanquished.

Vanquished Creatures (collateral kills)
  2 frilled lizards
  A goblin (D:2)
3 creatures vanquished.

Grand Total: 51 creatures vanquished

Notes
Turn   | Place    | Note
-------+----------+-------------------------------------------
     0 | D:1      | cheesebisquit the Ghoul Necromancer began the quest for the
                  | Orb.
     0 | D:1      | Reached XP level 1. HP: 14/14 MP: 2/2
   124 | D:1      | Reached skill level 1 in Unarmed Combat
   124 | D:1      | Reached XP level 2. HP: 13/20 MP: 0/3
   652 | D:1      | Reached XP level 3. HP: 27/27 MP: 3/5
  1211 | D:2      | Identified the +2 leather armour of Theory {rN++ Int+3}
  1348 | D:2      | Reached skill level 1 in Fighting
  1435 | D:2      | Learned a level 3 spell: Vampiric Draining
  2045 | D:2      | Reached XP level 4. HP: 35/35 MP: 4/6
  2496 | D:3      | Identified the +4 hand axe of Sudden Death {speed, +Blink
                  | Dex-4 SInv}
  2591 | D:3      | Killed from afar by an orc priest

Illustrated notes

Levels and vault maps discovered:
D:1:      dpeg_arrival_stone_temple_mockup, layout_basic, minmay_misc_feat_rows
D:2:      layout_basic
D:3:      layout_loops_corners, elyvilon_altar_3, nemelex_dance_club_becter,
          slow_altar_2, minmay_ruptured

Skill      XL: |  1  2  3 |
---------------+----------+-----
Unarmed Combat | 1 |  1.8
Spellcasting   | 2 |  2.2
Fighting       | 1 |  1.3
Dodging        | |  1.7
Stealth        | |  2.5
Necromancy     | |  4.5

Action                     |  1- 3 |  4- 6 || total
---------------------------+-------+-------++-------
  Melee: Unarmed           |    72 |     3 ||    75
   Cast: Necrotise         |    84 |    17 ||   101
    Use: Potion            |     1 |     1 ||     2
   Stab: Distracted        |     1 |       ||     1
 Armour: Robe              |    16 |       ||    16
         Leather armour    |    11 |     2 ||    13
  Dodge: Dodged            |    60 |     1 ||    61

Table legend: (Time is in decaauts)
 A = Elapsed time spent in this place.
 B = Non-inter-level travel time spent in this place.
 C = Inter-level travel time spent in this place.
 D = Time resting spent in this place.
 E = Time spent auto-exploring this place.
 F = Levels seen in this place.
 G = Mean time per level.
                   A        B        C        D        E       F      G
               +--------+--------+--------+--------+--------+-----+--------+
         Total |   2588 |   2453 |    135 |      0 |   2102 |   3 |  862.7 |
       Dungeon |   2588 |   2453 |    135 |      0 |   2102 |   3 |  862.7 |
               +--------+--------+--------+--------+--------+-----+--------+

Top non-repeatable levels by time:
     D:2: 1416 daAuts
     D:1: 1051 daAuts
     D:3: 120 daAuts
